 Dungeon Crawl Stone Soup version 0.26.1-11-gd32895ea62 (webtiles) character file.

Game seed: 10203701476993547646

194 jlumianski the Caller (level 5, -3/21 HPs)
             Began as a Felid Summoner on June 2, 2021.
             Slain by a gnoll sergeant
             ... wielding a +0 spear
              (7 damage)
             ... on level 5 of the Dungeon.
             The game lasted 00:29:15 (6291 turns).

jlumianski the Caller (Felid Summoner)              Turns: 6291, Time: 00:29:16

Health: -3/21      AC:  2    Str:  4    XL:     5   Next: 44%
Magic:  8/11       EV: 19    Int: 19    God:
Gold:   153        SH:  0    Dex: 16    Spells: 5/11 levels left
                                        Lives:  0   Deaths: 1

rFire    . . .     SeeInvis +   (weapon unavailable)
rCold    . . .     Faith    .   (shield unavailable)
rNeg     . . .     Spirit   .   (armour unavailable)
rPois    +         Reflect  .   (helmet unavailable)
rElec    .         Harm     .   (cloak unavailable)
rCorr    .         Rampage  .   (gloves unavailable)
Will     .....                  (boots unavailable)
Stlth    +++.......             r - amulet of Caoqoa {RegenMP rPois Slay+4}
HPRegen  0.07/turn              (no ring)
MPRegen  0.37/turn              (no ring)

@: quick
A: very small, no armour, no weapons or thrown items, stealth, claws 1, fangs 3,
see invisible, speed 1, shaggy fur 2, sharp paws
a: no special abilities


You were on level 5 of the Dungeon.
You visited 1 branch of the dungeon, and saw 5 of its levels.

You collected 153 gold pieces.

Inventory:

Jewellery
 r - the amulet of Caoqoa (around neck) {RegenMP rPois Slay+4}
   (You found it on level 4 of the Dungeon)

   [amulet of magic regeneration]

   It increases your magic regeneration.
   It affects your accuracy and damage with ranged weapons and melee attacks
   (+4).
   It protects you from poison.
 u - a cursed amulet of inaccuracy
Wands
 m - a wand of random effects (20)
 t - a wand of flame (21)
Scrolls
 b - 3 scrolls of noise
 d - 3 scrolls of remove curse
 f - a scroll of amnesia
 h - a scroll of magic mapping {unknown}
 i - a scroll of fear {unknown}
 l - a scroll of fog
 p - a scroll of blinking
 q - a scroll of teleportation
Potions
 a - 2 potions of flight
 e - 2 potions of curing
 j - a potion of lignification
 k - a potion of mutation {unknown}
 n - a potion of might {unknown}
 o - a potion of attraction {unknown}
 s - a potion of magic {unknown}


   Skills:
 * Level 3.4 Dodging
 * Level 3.8 Stealth
 + Level 0.2 Unarmed Combat
 + Level 3.9 Spellcasting
 + Level 6.0 Summonings
 * Level 1.7 Evocations


You had 5 spell levels left.
You knew the following spells:

 Your Spells              Type           Power        Failure   Level
a - Summon Small Mammal   Summ           100%         1%          1
b - Call Imp              Summ           26%          1%          2
c - Call Canine Familiar  Summ           26%          3%          3

Your spell library contained the following spells:

 Spells                   Type           Power        Failure   Level
 Summon Guardian Golem    Hex/Summ       15%          12%         3
 Shock                    Conj/Air       12%          14%         1
 Swiftness                Air            3%           22%         2
 Static Discharge         Conj/Air       3%           38%         3
 Summon Ice Beast         Ice/Summ       15%          38%         4
 Summon Lightning Spire   Summ/Air       15%          38%         4
 Airstrike                Air            1%           80%         4
 Lightning Bolt           Conj/Air       1%           98%         5


Dungeon Overview and Level Annotations

Branches:
Dungeon (5/15)
 Temple: D:4-7

Altars:


Innate Abilities, Weirdness & Mutations

You cannot wear armour.
You are incapable of wielding weapons or throwing items.
Your paws allow you to move quietly. (Stealth)
You have sharp claws.
You have razor-sharp teeth.
You have supernaturally acute eyesight. (SInv)
You cover ground quickly.
You are covered in thick fur. (AC +2)
Your sharp claws are effective at attacking unaware monsters.


Message History

Your hound bites the gnoll sergeant but does no damage.
The gnoll sergeant blocks your crimson imp's attack.
The gnoll sergeant hits you from afar with a +0 spear!
* * * LOW HITPOINT WARNING * * *
The gnoll sergeant blocks your hound's attack.
Your crimson imp blinks!
Your crimson imp hits the gnoll sergeant but does no damage.
The gnoll sergeant hits your crimson imp with a +0 spear.
The gnoll barely misses your crimson imp.
The gnoll sergeant blocks your hound's attack.
Your hound barely misses the gnoll sergeant.
Your crimson imp blinks!
The gnoll hits your crimson imp with a cursed +0 spear.
Your crimson imp blinks!
Your crimson imp barely misses the gnoll.
The gnoll sergeant barely misses you.
Your crimson imp closely misses the gnoll.
Your hound bites the gnoll sergeant but does no damage.
The gnoll sergeant hits you from afar with a +0 spear!
You die...

...##.##....# ###...
#..........## ## #...h.
#...........####....####g.
#..................####...
##<...................#†...
#........................#.
###...##....>......###.5.#.
###.###...........##.....
####..@.......#.##.....
#.....gh....#5....##.
#..##..............>.
######..g............
#...............##.
##.......5........##
##..........§......#
#.................##
##................#


You could see a gnoll sergeant (fast), a gnoll (fast), a friendly hound
(summoned) and a friendly crimson imp (summoned).

Vanquished Creatures
  The ghost of JuniperTheExplorer the Poker, an amateur MfFi (D:4)
  2 gnolls (D:5)
  2 orcs (D:4)
  2 quokkas (D:3)
  A bat (D:1)
  A rat (D:2)
9 creatures vanquished.

Vanquished Creatures (collateral kills)
  A scorpion (D:4)
  An orc priest (D:2)
  4 orc wizards
  A hound (D:5)
  A worker ant (D:4)
  A worker ant zombie (D:4)
  7 adders
  3 gnolls (D:5)
  An ooze (D:5)
  4 worms
  A dart slug (D:2)
  A leopard gecko (D:3)
  10 orcs
  7 bats
  15 giant cockroaches
  A goblin (D:1)
  A hobgoblin (D:1)
  8 jackals
  5 kobolds
  A nameless horror (D:3)
  A ball python (D:1)
  3 frilled lizards
  6 rats
84 creatures vanquished.

Vanquished Creatures (others)
  7 plants
7 creatures vanquished.

Grand Total: 100 creatures vanquished

Notes
Turn   | Place    | Note
-------+----------+-------------------------------------------
     0 | D:1      | jlumianski the Felid Summoner began the quest for the Orb.
     0 | D:1      | Reached XP level 1. HP: 7/7 MP: 4/4
   684 | D:1      | Reached XP level 2. HP: 11/11 MP: 3/6
   687 | D:1      | Learned a level 2 spell: Call Imp
  1481 | D:2      | Reached XP level 3. HP: 14/14 MP: 1/7
  2308 | D:3      | Learned a level 3 spell: Call Canine Familiar
  2912 | D:3      | Reached XP level 4. HP: 18/18 MP: 1/9
  3797 | D:4      | Reached skill level 5 in Summonings
  4352 | D:2      | Reached XP level 5. HP: 15/21 MP: 5/10
  4816 | D:4      | Found a runed translucent gate.
  4816 | D:4      | Found a runed translucent gate.
  4816 | D:4      | Found a runed translucent gate.
  4818 | D:4      | Noticed JuniperTheExplorer's ghost (amateur MfFi)
  4883 | D:4      | Reached skill level 1 in Evocations
  5340 | D:4      | Got a slimy emerald amulet
  5400 | D:4      | Identified the amulet of Caoqoa {RegenMP rPois Slay+4} (You
                  | found it on level 4 of the Dungeon)
  6060 | D:4      | Killed JuniperTheExplorer's ghost
  6061 | D:4      | Gained mutation: You are covered in thick fur. (AC +2)
                  | [Felid growth]
  6061 | D:4      | Reached XP level 6. HP: 24/24 MP: 4/12
  6107 | D:5      | Entered Level 5 of the Dungeon
  6240 | D:5      | Reached skill level 6 in Summonings
  6266 | D:5      | Slain by a gnoll sergeant
  6267 | D:5      | Reached XP level 5. HP: 0/21 MP: 9/11
  6291 | D:5      | Slain by a gnoll sergeant

Illustrated notes

Levels and vault maps discovered:
D:1:      scummos_arrival_gate, layout_basic, serial_forest,
          infiniplex_forest_clump_tiny, infiniplex_forest_clump_diagonal,
          infiniplex_forest_clump_medium, infiniplex_forest_end_2,
          infiniplex_forest_lined_3, minmay_3d_cube
D:2:      layout_loops_ring, serial_forest, infiniplex_forest_lined_3_way,
          infiniplex_forest_clump_large, infiniplex_forest_clump_C,
          infiniplex_forest_straight_2, infiniplex_forest_clump_long,
          infiniplex_forest_clump_diagonal, infiniplex_forest_lined_2,
          infiniplex_forest_diagonal, infiniplex_forest_end_2
D:3:      minmay_roachtagon, layout_basic
D:4:      layout_basic, gammafunk_ghost_necromancy, minmay_circle_x
D:5:      minmay_bubble_buster, layout_cave_pools, lemuel_crystal_altar,
          serial_gnoll_camp, gnoll_camp_huts_basic, gnoll_camp_mini_doghouse,
          gnoll_camp_mini_hut, gnoll_camp_mini_doghouse

Skill      XL: |  1  2  3  4  5  6 |
---------------+-------------------+-----
Stealth        | 3 |  3.8
Spellcasting   | 3 |  3.9
Summonings     | 5 6 |  6.0
Dodging        | 3 |  3.4
Evocations     | 1 |  1.7
Unarmed Combat | |  0.2

Action                   |  1- 3 |  4- 6 || total
-------------------------+-------+-------++-------
Melee: Unarmed           |    14 |    16 ||    30
       Bite              |     2 |     1 ||     3
 Cast: Summon Small Mamm |    39 |    23 ||    62
       Call Imp          |    23 |    61 ||    84
       Call Canine Famil |     6 |    31 ||    37
Evoke: Wand              |       |     1 ||     1
  Use: Potion            |     2 |     2 ||     4
       Scroll            |       |     9 ||     9
 Stab: Sleeping          |     2 |     3 ||     5
       Distracted        |       |     1 ||     1
Armor: Skin              |     5 |     1 ||     6
Dodge: Dodged            |    43 |    19 ||    62
